Map: King's Cove LE

Players

MaSa - Winner!

  • Race: Terran Terran
  • League: Master
  • Spawn Location: 11:00

JonSnow

  • Race: Zerg Zerg
  • League: Grandmaster
  • Spawn Location: 5:00

Event: 2019 WCS Winter Americas

VOD

Have the link to the VOD?

Description

Time

  • Played on: Feb. 8, 2019, 3:59 p.m.
  • Length: 12:46

All games in this series

Show
View Real Time Build Order
Export as new Build Order

MaSa Terran - Winner!

Build Orders: Gas First Reaper Expand, Hellion Banshee 

Get SALT Encoding   

  12  0:00  SCV  
  13  0:12  SCV  
  14  0:17  Supply Depot  
  14  0:24  SCV  
  15  0:29  Refinery  
  15  0:39  SCV  
  16  0:45  Barracks  
  16  0:52  SCV  
  17  1:04  SCV  
  18  1:16  SCV  
  19  1:32  Reaper, Orbital Command  
  20  1:47  Command Center  
  20  1:58  SCV  
  21  2:02  Factory  
  21  2:06  Barracks Reactor  
  21  2:10  SCV  
  21  2:15  Supply Depot  
  22  2:22  SCV, Refinery  
  23  2:36  SCV  
  24  2:48  SCV, Starport  
  25  2:53  Hellion x2  
  25  2:54  Barracks Tech Lab  
  29  3:02  Orbital Command  
  29  3:08  SCV  
  30  3:16  Starport  
  30  3:21  SCV  
  31  3:30  Barracks Tech Lab  
  31  3:34  Viking  
  31  3:35  SCV  
  31  3:36  SCV  
  35  3:42  Hellion  
  35  3:46  Hellion  
  35  3:48  SCV  
  40  3:54  SCV  
  41  4:00  SCV  
  39  4:07  SCV, Banshee  
  41  4:11  Refinery  
  41  4:12  SCV  
  41  4:15  Banshee  
  41  4:16  Supply Depot  
  45  4:19  SCV  
  46  4:34  Cloaking Field  
  46  4:37  SCV x2  
  46  4:38  Hellion x2  
  52  4:39  Supply Depot  
  52  4:40  Barracks Reactor  
  52  4:46  Supply Depot  
  52  4:49  SCV  
  52  4:50  SCV  
  54  5:00  Banshee x2  
  54  5:02  SCV  
  61  5:09  Command Center  
  61  5:11  SCV  
  62  5:18  SCV  
  63  5:22  Hyperflight Rotors  
  63  5:24  SCV  
  63  5:27  Refinery  
  63  5:28  Hellion, Supply Depot  
  66  5:30  SCV  
  66  5:31  Hellion  
  70  5:42  SCV  
  70  5:49  SCV, Banshee  
  76  5:50  Hellion  
  76  5:51  Supply Depot  
  76  5:55  SCV  
  77  5:59  Supply Depot  
  77  6:02  SCV  
  78  6:09  Refinery  
  78  6:10  Refinery  
  78  6:11  Armory  
  78  6:12  SCV, Banshee  
  78  6:13  Hellion  
  78  6:14  SCV  
  78  6:15  Supply Depot  
  85  6:24  SCV  
  87  6:25  SCV  
  87  6:28  SCV  
  87  6:32  Banshee  
  91  6:37  SCV  
  91  6:38  SCV  
  93  6:42  SCV  
  93  6:43  Factory x2  
  94  6:53  SCV  
  92  6:55  Hellion x2, Banshee  
  99  7:05  SCV x2  
  99  7:07  Orbital Command  
  101  7:09  Terran Vehicle And Ship Armor Level 1  
  101  7:15  Banshee  
  101  7:17  SCV  
  101  7:19  SCV  
  101  7:20  Hellion  
  101  7:21  Hellion  
  107  7:29  SCV  
  108  7:31  SCV  
  108  7:34  SCV  
  108  7:36  Factory Tech Lab  
  110  7:37  Factory, Barracks Reactor  
  110  7:40  Banshee, Factory, Barracks Tech Lab  
  110  7:41  SCV  
  110  7:43  SCV, Hellion  
  117  7:50  Supply Depot x2  
  117  7:52  SCV  
  117  7:53  SCV  
  117  7:55  SCV  
  117  7:57  Hellion x2  
  124  8:00  Infernal Pre-Igniter  
  124  8:04  SCV  
  125  8:11  SCV, Banshee  
  125  8:12  Hellion x2  
  133  8:20  SCV x2  
  133  8:23  Armory, Banshee  
  133  8:25  Supply Depot  
  133  8:26  Supply Depot  
  138  8:30  SCV  
  136  8:36  SCV x2  
  136  8:38  Hellion, Factory Tech Lab x2  
  140  8:42  Hellion x2  
  140  8:44  Hellion  
  140  8:45  SCV  
  141  8:49  SCV x2  
  141  8:50  Siege Tank  
  141  8:54  Command Center, Banshee  
  149  8:59  SCV  
  149  9:00  Supply Depot  
  149  9:02  Supply Depot  
  150  9:14  Hellion x3  
  156  9:17  Supply Depot  
  156  9:22  Hellion, Siege Tank x2  
  156  9:23  Siege Tank  
  146  9:33  Banshee  
  146  9:36  SCV  
  146  9:37  Hellion x3  
  144  9:42  Terran Vehicle And Ship Armor Level 2, Terran Vehicle Weapons Level 1  
  146  9:45  Hellion  
  146  9:50  Banshee  
  149  9:54  Siege Tank x2  
  149  9:56  Hellion  
  149  9:59  Supply Depot  
  157  10:00  Supply Depot  
  157  10:04  Hellion  
  157  10:05  Refinery  
  159  10:08  Refinery  
  159  10:10  Command Center, Factory  
  159  10:11  Refinery  
  159  10:12  Barracks Reactor  
  159  10:13  Refinery  
  159  10:15  Banshee  
  159  10:16  Factory  
  159  10:20  Siege Tank  
  165  10:26  Hellion x3  
  168  10:29  Siege Tank  
  168  10:32  Banshee  
  174  10:39  Engineering Bay  
  174  10:42  Hellion  
  176  10:43  Siege Tank  
  179  10:53  Siege Tank x2  
  185  10:58  Banshee  
  185  11:03  Siege Tank  
  188  11:04  Hellion  
  190  11:14  Hellion x2  
  190  11:15  Hellion, Banshee  
  199  11:52  Siege Tank x2  
  161  11:55  Banshee  
  161  11:56  Hellion  
  161  11:57  Hellion x5, Siege Tank  
  156  12:03  Siege Tank  
  159  12:09  Orbital Command  
  159  12:17  SCV x2  
  156  12:23  Hellion  
  156  12:24  Hellion x3  
  156  12:25  Hellion  
  156  12:28  Command Center  
Show
View Real Time Build Order
Export as new Build Order

JonSnow Zerg 

Build Orders: Hatch First 

Get SALT Encoding   

  12  0:00  Drone  
  13  0:13  Overlord  
  13  0:18  Drone  
  14  0:32  Drone x2  
  16  0:50  Hatchery  
  16  0:54  Drone  
  16  0:57  Drone  
  16  1:01  Drone  
  18  1:11  Extractor  
  17  1:17  Spawning Pool  
  16  1:19  Drone  
  18  1:25  Drone  
  18  1:30  Drone  
  19  1:55  Drone  
  20  2:05  Zergling x6  
  20  2:06  Queen x2  
  27  2:15  Metabolic Boost  
  27  2:18  Drone  
  28  2:24  Overlord  
  28  2:39  Hatchery  
  26  2:45  Drone x2  
  28  2:54  Queen  
  30  2:59  Drone x2  
  30  3:03  Drone x2  
  34  3:11  Overlord  
  34  3:15  Drone x2  
  36  3:25  Overlord  
  36  3:30  Queen  
  36  3:33  Drone x3  
  40  3:35  Drone  
  40  3:39  Zergling x2  
  42  3:47  Drone x5  
  44  3:56  Zergling x4  
  43  4:06  Drone x6  
  48  4:10  Drone  
  48  4:15  Drone  
  50  4:19  Drone x4  
  50  4:21  Drone  
  50  4:24  Drone  
  56  4:30  Overlord  
  56  4:34  Overlord  
  56  4:37  Overlord  
  56  4:48  Queen  
  56  4:51  Overlord  
  56  4:52  Queen x2  
  58  4:55  Spore Crawler x2  
  58  4:57  Spore Crawler, Drone  
  58  4:58  Drone x3  
  62  5:01  Drone x2  
  62  5:03  Drone  
  62  5:05  Drone x2  
  67  5:11  Evolution Chamber, Drone  
  67  5:12  Evolution Chamber, Drone  
  67  5:15  Drone  
  67  5:16  Drone  
  67  5:19  Drone x2  
  71  5:22  Drone x3  
  71  5:26  Drone x2  
  76  5:32  Drone x2  
  80  5:35  Drone x3  
  80  5:36  Extractor x2, Zerg Melee Weapons Level 1  
  80  5:41  Zerg Ground Armor Level 1  
  79  5:43  Drone x3  
  79  5:48  Extractor  
  79  5:49  Zergling x2  
  82  5:51  Overlord  
  82  6:01  Baneling Nest  
  82  6:02  Overlord  
  81  6:04  Extractor x2  
  81  6:07  Lair  
  81  6:10  Zergling x16  
  87  6:12  Hatchery  
  87  6:14  Drone x4  
  90  6:24  Queen  
  89  6:33  Spore Crawler  
  89  6:35  Spore Crawler  
  85  6:45  Queen  
  83  6:54  Drone x17  
  96  7:05  Overseer  
  94  7:09  Hydralisk Den  
  94  7:11  Hatchery  
  94  7:12  Spore Crawler, Extractor  
  94  7:13  Extractor  
  89  7:18  Overlord  
  89  7:21  Queen  
  89  7:22  Drone  
  92  7:26  Centrifical Hooks  
  92  7:27  Infestation Pit  
  90  7:34  Zerg Melee Weapons Level 2, Zerg Missile Weapons Level 1  
  92  7:40  Queen  
  92  7:43  Grooved Spines  
  94  7:45  Baneling x4  
  94  7:46  Baneling  
  94  7:48  Drone x2  
  94  7:50  Overlord  
  96  7:52  Drone x2  
  96  7:54  Drone  
  96  7:56  Queen  
  101  8:01  Hydralisk x2  
  105  8:06  Hive  
  105  8:08  Hydralisk x3  
  108  8:16  Hydralisk  
  108  8:19  Hydralisk  
  105  8:24  Hydralisk  
  107  8:30  Hydralisk x2  
  107  8:32  Hydralisk, Queen  
  107  8:34  Hydralisk  
  108  8:37  Hydralisk x3  
  114  8:44  Queen  
  114  8:47  Hydralisk  
  114  8:48  Hydralisk x2  
  114  8:53  Hydralisk  
  115  8:57  Hydralisk x2  
  118  9:11  Drone  
  118  9:14  Baneling x4  
  119  9:18  Overlord, Baneling x4  
  119  9:19  Overlord x3, Adrenal Glands  
  119  9:23  Baneling  
  119  9:24  Queen  
  119  9:25  Queen  
  119  9:26  Queen  
  119  9:30  Hydralisk  
  118  9:32  Zergling x2  
  118  9:33  Zergling x6  
  118  9:36  Hydralisk x2  
  121  9:39  Overlord  
  121  9:42  Drone  
  122  9:46  Viper  
  122  9:52  Drone x2  
  129  9:53  Drone x4  
  129  9:55  Zerg Missile Weapons Level 2  
  129  9:59  Queen, Viper  
  133  10:06  Zerg Melee Weapons Level 3  
  138  10:10  Drone x5  
  143  10:16  Hydralisk  
  143  10:17  Hydralisk x2  
  147  10:27  Muscular Augments  
  144  10:30  Hatchery  
  144  10:34  Hydralisk x2  
  144  10:35  Hydralisk x2  
  151  10:45  Overlord x4  
  151  10:58  Overlord  
  151  10:59  Spire  
  146  11:04  Viper x3  
  146  11:10  Zergling x2, Burrow  
  146  11:11  Zergling x10  
  161  11:17  Evolution Chamber  
  160  11:23  Overlord  
  160  11:26  Drone x2  
  160  11:27  Hydralisk x3  
  160  11:29  Overseer  
  168  11:34  Viper  
  168  11:36  Zergling x2  
  168  11:37  Zergling x4  
  170  11:41  Baneling x7  
  170  11:53  Hydralisk x5  
  156  11:57  Zergling x2  
  156  12:00  Hydralisk x3  
  134  12:01  Zergling x2  
  134  12:04  Hydralisk x2  
  128  12:09  Hydralisk x3  
  128  12:19  Hydralisk x4  
  128  12:21  Hydralisk  
Tags
 
Add a new tag
Caveats
  • Supply blocks, unpowered buildings, or Contaminate may cause inaccurate times.
  • Supply counts are checked every 10 seconds.